 Dungeon Crawl Stone Soup version 0.31-a0-344-gd109795599 (webtiles) character file.

Game seed: 10277298944952801498

8 Conn the Firebug (level 2, -9/17 HPs)
             Began as an Octopode Fire Elementalist on July 22, 2023.
             Mangled by a goblin
             ... wielding a +1 dagger of distortion
              (22 damage)
             ... on level 1 of the Dungeon.
             The game lasted 00:00:51 (330 turns).

Conn the Firebug (Octopode Fire Elementalist)        Turns: 330, Time: 00:00:51

Health: -9/17      AC:  1    Str:  7    XL:     2   Next: 8%
Magic:  5/5        EV: 13    Int: 17    God:
Gold:   0          SH:  0    Dex: 12    Spells: 4/5 levels left

rFire   . . .        d - +3 dagger
rCold   . . .        (no shield)
rNeg    . . .        (helmet restricted)
rPois   .            (no amulet)
rElec   .            (no ring)
rCorr   .            (no ring)
SInv    .            (no ring)
Will    .....        (no ring)
Stlth   +++          (no ring)
HPRegen 0.22/turn    (no ring)
MPRegen 0.09/turn    (no ring)
                     (no ring)

%: no passive effects
@: no status effects
A: almost no armour, amphibious, 8 rings, camouflage 1, gelatinous body 1,
(nimble swimmer 1), tentacles
a: no special abilities


You were on level 1 of the Dungeon.
You visited 1 branch of the dungeon, and saw 1 of its levels.

Inventory:

Hand Weapons
 d - a +3 dagger (weapon)
Scrolls
 b - a scroll of poison {unknown}
 g - a scroll of identify {unknown}
Potions
 a - a potion of magic
 c - a potion of mutation {unknown}
 e - a potion of brilliance {unknown}
 f - a potion of haste {unknown}


   Skills:
 + Level 2.1 Dodging
 + Level 2.9 Stealth
 + Level 2.2 Spellcasting
 + Level 1.0 Conjurations
 + Level 3.1 Fire Magic


You had 4 spell levels left.
You knew the following spells:

 Your Spells              Type           Power      Damage    Failure   Level
a - Foxfire               Conj/Fire      36%        2x1d5     9%          1

Your spell library contained the following spells:

 Spells                   Type           Power      Damage    Failure   Level
 Scorch                   Fire           24%        2d6       8%          2
 Inner Flame              Hex/Fire       7%         N/A       30%         3
 Volatile Blastmotes      Fire/Tloc      14%        2d11      30%         3
 Dazzling Flash           Conj/Hex       6%         N/A       43%         3
 Mephitic Cloud           Conj/Pois/Air  3%         N/A       45%         3
 Flame Wave               Conj/Fire      9%         2d6       63%         4
 Leda's Unmaking          Conj/Erth      1%         9d1       100%        6
 Simulacrum               Ice/Necr       0%         N/A       100%        6


Dungeon Overview and Level Annotations

Branches:
Dungeon (1/15)

Altars:


Innate Abilities, Weirdness & Mutations

You cannot wear most types of armour.
You are amphibious.
You can wear up to eight rings at the same time.
Your skin changes colour to match your surroundings (Stealth+).
Your rubbery body absorbs attacks. (AC +1, EV +1)
((You are camouflaged when in or above water. (Stealth+)))
You have tentacles for arms and can constrict up to eight enemies at once.


Message History

You see here a bat corpse.
Found a viscous clear potion.
e - a viscous clear potion You see here a bat corpse.
A goblin comes into view. It is wielding a +0 club.
Found a grey potion.
The goblin shouts!
Found a stone staircase leading down.
The goblin barely misses you.
You hit the goblin.
You kill the goblin!
Things that are here:
a +0 club; a goblin corpse
f - a grey potion A rat comes into view.
A rat is nearby!
The helpless rat fails to defend itself.
You puncture the rat!
You kill the rat!
An endoplasm comes into view.
Found a scroll labelled MUZECO NATHRAO.
The helpless endoplasm fails to defend itself.
You puncture the endoplasm!
You kill the endoplasm!
You have reached level 2!
Found 5 stones.
g - a scroll labelled MUZECO NATHRAO A rat comes into view.
A rat is nearby!
Found a stone staircase leading down.
The rat closely misses you.
You barely miss the rat. Your grab misses the rat.
The rat bites you but does no damage.
You hit the rat.
You kill the rat!
You see here a rat corpse.
A goblin comes into view.
It is wielding a +1 dagger of distortion.
The goblin shouts!
The goblin hits you with a +1 dagger of distortion.
Space warps horribly around you!!
Ouch! That really hurt!
You die...

~.... ###### #...
~~~..
#....#####.#
~~~~~
#.##.......####
~~~..
#.............#
~....
#..#........#
.~...
#..#...†....#
..~..
#..#..#####.#
#....
#########..# #.#
###..
......g@...# #.#
#####
####...##.## #.#
.... ..........#
#.# ####
####...#..# #.#
..# #...#..# #.#
#.# #####..# #.#
#.# ##### #..#
#.# #†#
#....##..######.#
#.#
#....##......##.#


You could see a goblin.

Vanquished Creatures
  2 endoplasms (D:1)
  2 goblins (D:1)
  A bat (D:1)
  3 rats (D:1)
8 creatures vanquished.

Vanquished Creatures (others)
  3 foxfires (D:1)
3 creatures vanquished.

Grand Total: 11 creatures vanquished

Notes
Turn   | Place    | Note
-------+----------+-------------------------------------------
     0 | D:1      | Conn the Octopode Fire Elementalist began the quest for the
                  | Orb.
     0 | D:1      | Reached XP level 1. HP: 11/11 MP: 3/3
   148 | D:1      | Got the Elucidation of Algid Blasts
   280 | D:1      | Reached XP level 2. HP: 17/17 MP: 5/5
   330 | D:1      | Mangled by a goblin

Illustrated notes

Levels and vault maps discovered:
D:1:      eino_arrival_water_star, layout_basic

Action                     || total
---------------------------++-------
  Melee: Dagger            ||    10
   Cast: Foxfire           ||     2
   Stab: Sleeping          ||     4
 Armour: Skin              ||     1
  Dodge: Dodged            ||     3

Table legend: (Time is in decaauts)
 A = Elapsed time spent in this place.
 B = Non-inter-level travel time spent in this place.
 C = Inter-level travel time spent in this place.
 D = Time resting spent in this place.
 E = Time spent auto-exploring this place.
 F = Levels seen in this place.
 G = Mean time per level.
                   A        B        C        D        E       F      G
               +--------+--------+--------+--------+--------+-----+--------+
         Total |    329 |    329 |      0 |      0 |    219 |   1 |  329.0 |
       Dungeon |    329 |    329 |      0 |      0 |    219 |   1 |  329.0 |
               +--------+--------+--------+--------+--------+-----+--------+

Top non-repeatable levels by time:
     D:1: 329 daAuts
